[Event "German Bundesliga 2022-23"]
[Site "Germany"]
[Date "2022.11.26"]
[Round "3.1"]
[White "Mamedyarov, Shakhriyar"]
[Black "Moussard, Jules"]
[Result "1/2-1/2"]
[ECO "D35"]
[WhiteElo "2741"]
[BlackElo "2686"]
[Annotator "TA"]
[PlyCount "53"]
[EventDate "2022.10.21"]
[EventType "team-tourn"]
[EventCountry "GER"]
[SourceTitle "playchess.com"]
[Source "ChessBase"]
[SourceQuality "1"]
[TimeControl "40/6000+30:3000+30"]

1. c4 e6 2. Nc3 d5 3. d4 Nf6 4. cxd5 exd5 5. Bg5 c6 6. e3 h6 7. Bh4 Be7 8. Bd3 O-O 9. Nge2 $1 {[%emt 0:00:50][%mdl 4] is currently scoring better than 9.Qc2. D35: Queen's Gambit Declined: Exchange Variation.} Ne8 10. Bg3 Nd6 11. Qc2 {[%emt 0:01:46] White is slightly better.} Re8 12. O-O Bf8 13. Rae1 a5 14. a3 Na6 {[%emt 0:07:21] [#]} 15. Bf4 $146 ({Predecessor:} 15. Nf4 Bd7 16. f3 b5 17. Qf2 b4 18. axb4 Nxb4 19. Bb1 a4 20. e4 a3 21. bxa3 Rxa3 {½-½ (31) Lu,S (2605)-Li,D (2539) Xinghua 2022}) 15... b5 16. Ng3 Nc4 17. e4 Be6 18. exd5 Bxd5 19. Rxe8 Qxe8 20. Nxd5 cxd5 21. Nf5 Qe6 22. h3 a4 {[%emt 0:05:21] The position is equal.} 23. Bc1 Re8 24. Qd1 Nb8 25. b3 axb3 26. Qxb3 Qc6 27. Bb1 {[%emt 0:04:59] Weighted Error Value: White=0.09 (flawless) /Black=0.08 (flawless)} 1/2-1/2

[Event "German Bundesliga 2022-23"]
[Site "Germany"]
[Date "2022.11.26"]
[Round "3.1"]
[White "Vitiugov, Nikita"]
[Black "McShane, Luke J"]
[Result "1/2-1/2"]
[ECO "E17"]
[WhiteElo "2726"]
[BlackElo "2637"]
[Annotator "TA"]
[PlyCount "45"]
[EventDate "2022.10.21"]
[EventType "team-tourn"]
[EventCountry "GER"]
[SourceTitle "playchess.com"]
[Source "ChessBase"]
[SourceQuality "1"]
[TimeControl "40/6000+30:3000+30"]

1. d4 Nf6 2. c4 e6 3. Nf3 b6 4. g3 Bb7 5. Bg2 Be7 6. O-O O-O 7. Re1 Na6 8. a3 {[%emt 0:00:59] E17: Queen's Indian: 4 g3 Bb7 5 Bg2 Be7.} d5 9. cxd5 exd5 10. Bf4 c5 11. Nc3 Ne4 12. Rc1 Re8 13. h4 h6 {[%emt 0:06:37] [#]} 14. dxc5 $146 {[%emt 0:18:16] [#] aiming for Nxe4.} (14. e3 {simplifies} Nxc3 15. Rxc3 Bf6 16. Rc1) ({Predecessor:} 14. Be5 cxd4 15. Bxd4 Nac5 16. e3 Ne6 17. Be5 Bf6 18. Rc2 Bxe5 19. Nxe5 Rc8 20. Nb5 {1-0 (34) Sarana,A (2640)-Gholami,A (2532) Konya 2019}) 14... Naxc5 (14... Nxc3 {simplifies} 15. Rxc3 Nxc5 16. Rc2 Ne4) 15. Be5 Bf8 16. e3 (16. b4 {simplifies} Nxc3 17. Bxc3 Ne4 18. Bb2) 16... a5 (16... Ba6 $5 17. Bf1 (17. Nxd5 Nxf2 18. Kxf2 Nd3+ 19. Kg1 Qxd5 $19) (17. Qxd5 Nxc3 18. Qxd8 Ne2+ 19. Rxe2 Raxd8 $17) 17... Bxf1 18. Rxf1 Nxc3 19. Bxc3 Qd7 $11) 17. Bd4 a4 18. Ne5 Nb3 19. Rc2 Bc5 {[%emt 0:04:47] The position is equal.} 20. Bf1 Nd6 21. Bg2 Ne4 22. Bf1 Nd6 23. Bg2 {[%emt 0:02:32] Weighted Error Value: White=0.07 (flawless) /Black=0.06 (flawless)} 1/2-1/2

[Event "German Bundesliga 2022-23"]
[Site "Germany"]
[Date "2022.11.26"]
[Round "3.1"]
[White "Esipenko, Andrey"]
[Black "Nisipeanu, Liviu-Dieter"]
[Result "1/2-1/2"]
[ECO "B45"]
[WhiteElo "2680"]
[BlackElo "2615"]
[Annotator "TA"]
[PlyCount "85"]
[EventDate "2022.10.21"]
[EventType "team-tourn"]
[EventCountry "GER"]
[SourceTitle "playchess.com"]
[Source "ChessBase"]
[SourceQuality "1"]
[TimeControl "40/6000+30:3000+30"]

1. e4 c5 2. Nf3 e6 3. d4 cxd4 4. Nxd4 Nf6 5. Nc3 Nc6 6. a3 d6 7. Be3 Be7 {[%emt 0:01:42] B45: Sicilian Four Knights.} 8. f3 O-O 9. Qd2 a6 10. O-O-O Nxd4 11. Bxd4 b5 12. g4 Nd7 {[%emt 0:04:43] Inhibits h4.} 13. f4 Bb7 {[%emt 0:16:16] [#] Inhibits h4.} 14. g5 $146 ({Predecessor:} 14. Kb1 Rc8 15. h4 Nc5 16. Qe1 Qc7 17. Qe2 e5 18. fxe5 dxe5 19. Bxc5 Qxc5 20. Nd5 Rfd8 21. Bg2 Bc6 22. g5 a5 23. Bh3 Rb8 24. Rhf1 {½-½ (24) Fuzishawa,R (2231)-Alfredo (2460) ICCF email 2009}) 14... e5 {[%emt 0:31:52] Against h4} 15. Be3 exf4 16. Bxf4 Nc5 17. Nd5 (17. Qe3 $1 $14) 17... Nxe4 $11 18. Qe3 Bxd5 (18... Nxg5 $2 19. Nxe7+ Kh8 20. Bxg5 $1 $18) 19. Rxd5 f5 20. h4 {[%emt 0:08:00][%mdl 1024] White has compensation.} Qd7 21. Bh3 Qe6 22. Rhd1 Rac8 23. Qb6 Nc5 24. Kb1 Qe4 {[%emt 0:01:51] Against Bg2} (24... Qe2 $1 $11 25. R5d2 Qe4 26. Bxd6 Rc6) 25. Bxd6 $14 (25. R5d4 Qf3 26. Re1 Qf2 $17) 25... Bxd6 26. Qxd6 Ne6 (26... Qf3 $14) 27. Qe5 $16 {[%emt 0:08:47] Strongly threatening Qxe4.} Qxc2+ (27... Rxc2 28. Qxe4 Nc7 29. Rxf5 Rb8 30. Kxc2 h6 31. Qe7) 28. Ka1 Nc5 {[%emt 0:02:11] Hoping for ...Nb3+.} 29. Bxf5 Rxf5 30. Rd8+ $1 ({Stronger than} 30. Qxf5 Nb3+ 31. Ka2 Nc1+ 32. Ka1 Nb3+ 33. Ka2 Nc1+ 34. Ka1 Nb3+ $11) 30... Rf8 31. Qd5+ Kh8 32. Rxc8 {[%emt 0:00:09][%cal Rc8f8] Chess con chili.} Nb3+ {[%emt 0:00:02] [#]} (32... Rxc8 $2 33. Qd8+ $3 Rxd8 34. Rxd8#) 33. Qxb3 $3 Qxc8 {[%emt 0:00:03][%mdl 4096] Endgame [#] KQR-KQR} 34. Qb4 {[%emt 0:01:28] Prevents Qg4.} ({White should try} 34. Rd6 $1 $16) 34... Kg8 {[%emt 0:00:15] [#]} (34... g6 $14) 35. h5 {[%emt 0:02:55] White is more active.} ({Better is} 35. Rd6 $1 $16) 35... Qh3 $36 {[%emt 0:00:57][%mdl 2048] White is under pressure. The position is equal.} 36. h6 gxh6 37. Qd6 Rf1 (37... hxg5 38. Qd5+ Kh8 39. Qe5+ Kg8 40. Qxg5+ Kf7 41. Qf4+ Ke7 42. Re1+) 38. Qd5+ (38. Qxh6 {gets mated.} Rxd1+ 39. Ka2 Qf5 40. Qh2 Qd5+ 41. b3 Qxg5 42. Qc2 Rd2 43. Kb1 Qg1+ 44. Qc1 Rd1) 38... Kf8 {[%emt 0:00:22] White must now prevent ...hxg5.} 39. Qa8+ Kf7 40. Qb7+ Kf8 41. Qa8+ Kf7 42. Qb7+ Kf8 43. Qa8+ {[%emt 0:00:00] Blacks defense is rewarded with a draw.   Weighted Error Value: White=0.11 (very precise) /Black=0.07 (flawless)} 1/2-1/2

[Event "German Bundesliga 2022-23"]
[Site "Germany"]
[Date "2022.11.26"]
[Round "3.2"]
[White "Bluebaum, Matthias"]
[Black "Duda, Jan-Krzysztof"]
[Result "1/2-1/2"]
[ECO "D10"]
[WhiteElo "2647"]
[BlackElo "2731"]
[Annotator "TA"]
[PlyCount "43"]
[EventDate "2022.10.21"]
[EventType "team-tourn"]
[EventCountry "GER"]
[SourceTitle "playchess.com"]
[Source "ChessBase"]
[SourceQuality "1"]
[TimeControl "40/6000+30:3000+30"]

1. d4 d5 2. c4 c6 3. Nc3 Nf6 4. e3 e6 5. b3 Bb4 6. Bb2 Ne4 {[%emt 0:02:20] D31: Queen's Gambit Declined: Semi-Slav without ...Nf6 (+ Marshall Gambit and Noteboom) and Exchange Variation lines without ...Nf6.} 7. Qc2 O-O (7... e5 $5) 8. Bd3 {[%emt 0:07:33] Prevents e5.} Bxc3+ 9. Bxc3 Nxc3 10. Qxc3 Nd7 11. Nf3 dxc4 {[%emt 0:06:30] [#] The position is equal.} 12. Bxc4 $146 ({Predecessor:} 12. bxc4 c5 13. O-O b6 14. d5 Bb7 15. Rad1 Qe7 16. e4 e5 17. a4 a5 18. g3 {1-0 (64) Aczel,G (2478)-Nguyen,H (2490) Hungary 2015}) 12... b6 13. O-O Bb7 14. b4 a5 15. a3 c5 16. dxc5 axb4 17. axb4 bxc5 18. Be2 Rxa1 19. Rxa1 cxb4 20. Qxb4 Bxf3 21. Bxf3 Qb6 22. Qxb6 {An interesting draw.   Weighted Error Value: White=0.05 (flawless) /Black=0.03 (flawless)} 1/2-1/2

[Event "German Bundesliga 2022-23"]
[Site "Germany"]
[Date "2022.11.26"]
[Round "3.2"]
[White "Areshchenko, Alexander"]
[Black "Keymer, Vincent"]
[Result "1/2-1/2"]
[ECO "C89"]
[WhiteElo "2632"]
[BlackElo "2698"]
[Annotator "TA"]
[PlyCount "45"]
[EventDate "2022.10.21"]
[EventType "team-tourn"]
[EventCountry "GER"]
[SourceTitle "playchess.com"]
[Source "ChessBase"]
[SourceQuality "1"]
[TimeControl "40/6000+30:3000+30"]

1. e4 e5 2. Nf3 Nc6 3. Bb5 a6 4. Ba4 Nf6 5. O-O Be7 6. Re1 b5 7. Bb3 O-O 8. c3 d5 9. exd5 Nxd5 10. Nxe5 Nxe5 11. Rxe5 c6 12. d3 Bd6 13. Re1 Bf5 14. Qf3 Qh4 {[%emt 0:02:18] C89: Closed Ruy Lopez: Marshall Attack.} 15. g3 ({But not} 15. Bxd5 Bxh2+ 16. Kf1 Bg4 $15) 15... Qh3 16. Be3 Bxd3 {[%emt 0:08:46] White is slightly better.} 17. Nd2 Bf5 $1 {[%emt 0:04:57][%mdl 4] is recently more successful than 17...Qf5.} 18. Bxd5 cxd5 19. Qxd5 Rfd8 {[%emt 0:06:12][%cal Od6g3] [#]} 20. Qf3 $146 ({Predecessor:} 20. Qg2 Qxg2+ 21. Kxg2 b4 22. Bd4 bxc3 23. Bxc3 Be6 24. f3 a5 25. a3 a4 26. Ne4 {½-½ (36) Karjakin,S (2743)-Caruana,F (2792) Baku 2021}) 20... Bg4 21. Qg2 b4 22. f3 bxc3 23. fxg4 {[%emt 0:23:29] Weighted Error Value: White=0.05 (flawless) /Black=0.04 (flawless)} 1/2-1/2

[Event "German Bundesliga 2022-23"]
[Site "Germany"]
[Date "2022.11.26"]
[Round "3.3"]
[White "Adams, Michael"]
[Black "Edouard, Romain"]
[Result "1-0"]
[ECO "B66"]
[WhiteElo "2686"]
[BlackElo "2548"]
[Annotator "TA"]
[PlyCount "79"]
[EventDate "2022.10.21"]
[EventType "team-tourn"]
[EventCountry "GER"]
[SourceTitle "playchess.com"]
[Source "ChessBase"]
[SourceQuality "1"]
[TimeControl "40/6000+30:3000+30"]

1. e4 c5 2. Nf3 d6 3. d4 cxd4 4. Nxd4 Nf6 5. Nc3 Nc6 6. Bg5 e6 7. Qd2 a6 8. O-O-O Nxd4 9. Qxd4 Be7 10. f4 b5 11. Bxf6 gxf6 12. Kb1 {[%emt 0:07:32][%cal Of4f5] B66: Sicilian: Richter-Rauzer: 7...a6 8 0-0-0 h6.} (12. f5 {is more complex.} Qa5 13. Kb1 b4 14. Ne2) 12... Qc7 13. Be2 (13. f5 {keeps more tension.} Qc5 14. Qd2 Bb7 15. Bd3) 13... Qc5 14. Qd2 {[%emt 0:06:30][%cal Of4f5] White is slightly better.} Bb7 {[%emt 0:01:03] Prevents f5.} 15. Bf3 O-O-O 16. Rhe1 Kb8 {[%emt 0:00:47] [#]} 17. f5 $146 ({Predecessor:} 17. a3 h5 18. Re3 Rc8 19. Ne2 h4 20. Nd4 Qb6 21. Nb3 Ba8 22. Qe1 Rc7 23. Rdd3 {1-0 (44) Brodsky,M (2545)-Poluljahov,A (2510) Koszalin 1997}) 17... h5 18. h4 Bf8 19. Qd3 b4 20. Ne2 Bh6 21. fxe6 fxe6 22. Nd4 Rhe8 23. Qb3 d5 (23... Rc8 $16 {might work better.}) 24. exd5 $18 (24. Bxh5 Re7 25. Bg4 Rd6) 24... Bxd5 25. Bxd5 (25. Nxe6 Rxe6 26. Rxe6 Bxb3 $14) 25... Rxd5 {[%emt 0:00:02] [#]} 26. c3 (26. Rxe6 $2 Rxe6 27. c3 Red6 $19) (26. Qa4 Red8 27. c3 (27. Nxe6 $2 Rxd1+ 28. Rxd1 Rxd1#) 27... R8d6 28. cxb4 (28. Nxe6 $2 Rxd1+ 29. Rxd1 Rxd1+ 30. Qxd1 Qf5+ 31. Ka1 Qxe6 $19) (28. Rxe6 $2 Rxe6 29. Nxe6 Rxd1+ 30. Qxd1 Qf5+ 31. Ka1 Qxe6 $19) 28... Qc7 $14) 26... a5 (26... Rd6 $142 27. cxb4 (27. Rxe6 $2 Rexe6 28. Nxe6 Rxd1+ 29. Qxd1 Qf5+ 30. Ka1 Qxe6 $19) 27... Qb6) 27. a3 (27. Rxe6 $2 Rxe6 $19) 27... Bf8 $2 (27... Rd6 28. Nc2 (28. Rxe6 $2 Rexe6 29. cxb4 axb4 $19) (28. cxb4 axb4 29. Nc2 Red8 $18) 28... Red8 29. Rxd6 (29. cxb4 $2 Rxd1+ 30. Ka2 a4 $19) 29... Rxd6 30. cxb4 (30. Rxe6 Rxe6 31. Qxe6 bxc3 $16) (30. axb4 axb4 31. Rf1 f5 $16) 30... Qb6) 28. Ka2 (28. Rxe6 Rxe6 29. Nxe6 Rxd1+ 30. Qxd1 Qf5+ 31. Ka1 Qxe6 $11) 28... Qd6 {[%emt 0:13:47] [#]} 29. Nb5 $1 {[%emt 0:13:05][%mdl 512] Inhibits f5.} Qd7 {[%emt 0:01:13] Hoping for ...Rxd1.} 30. Rxd5 (30. axb4 a4 31. Qxa4 Qxb5 32. Qxb5+ Rxb5 $17) 30... exd5 31. Rxe8+ Qxe8 32. Qxd5 {[%emt 0:00:27][%mdl 4096] Endgame KQB-KQN} Qe5 33. Qd8+ Kb7 34. Qd7+ (34. Qxa5 Qe6+ 35. Kb1 Qe4+ 36. Ka2 Qe6+ 37. b3 Qe2+ 38. Kb1 Qf1+ 39. Kc2 Qe2+ 40. Kc1 Qf1+ 41. Kc2 Qe2+ 42. Kc1 Qf1+ 43. Kc2 $11) (34. Qxf8 b3+ 35. Kxb3 Qxb5+ 36. Kc2 Qe2+ 37. Kb3 Qb5+ 38. Kc2 Qe2+ 39. Kc1 Qe1+ 40. Kc2 Qe2+ $11) 34... Kb6 {[%emt 0:00:18] White must now prevent ...b3+.} 35. Nd4 bxc3 36. Qc6+ (36. bxc3 $6 Qc5 37. Kb1 f5 $18) 36... Ka7 37. Qd7+ (37. bxc3 $6 Qc5 38. Qxf6 (38. Nb5+ Kb8 $18) 38... Qd5+ 39. Ka1 Bc5 $18) (37. Qxc3 Qd5+ 38. Nb3 a4 $16) 37... Kb6 38. Qc6+ Ka7 39. Nb5+ ({Resist} 39. bxc3 $6 Qc5 40. Nb5+ (40. Qxf6 Qd5+ 41. Ka1 Bc5 $18) 40... Kb8 41. Qe8+ (41. Qxf6 Qd5+ 42. c4 Qxc4+ 43. Ka1 Qc1+ 44. Ka2 Qd2+ 45. Kb1 Qd1+ 46. Kb2 Qd2+ 47. Kb3 Qd1+ 48. Kb2 Qe2+ 49. Kc1 Qe3+ 50. Kb2 Qe2+ 51. Kc1 Qe3+ 52. Kb2 Qe2+ $11) 41... Kb7 $18) ({Don't take} 39. Qxc3 $6 Qc5 40. Kb3 Kb6 41. Qxc5+ Bxc5 $18) (39. Qd7+ $6 Ka6 40. Qc6+ (40. bxc3 Qc5 $18) 40... Ka7 $18) 39... Kb8 40. Nxc3 {[%emt 0:00:53] Weighted Error Value: White=0.38/Black=0.35} 1-0

[Event "German Bundesliga 2022-23"]
[Site "Germany"]
[Date "2022.11.26"]
[Round "3.3"]
[White "Kryvoruchko, Yuriy"]
[Black "Kamsky, Gata"]
[Result "1/2-1/2"]
[ECO "C95"]
[WhiteElo "2649"]
[BlackElo "2666"]
[Annotator "TA"]
[PlyCount "58"]
[EventDate "2022.10.21"]
[EventType "team-tourn"]
[EventCountry "GER"]
[SourceTitle "playchess.com"]
[Source "ChessBase"]
[SourceQuality "1"]
[TimeControl "40/6000+30:3000+30"]

1. e4 e5 2. Nf3 Nc6 3. Bb5 a6 4. Ba4 Nf6 5. O-O Be7 6. Re1 b5 7. Bb3 d6 8. c3 O-O 9. h3 Nb8 10. d4 Nbd7 11. Nbd2 Bb7 12. Bc2 Re8 13. Nf1 Bf8 14. Ng3 g6 15. a4 c5 16. d5 c4 17. Bg5 h6 18. Be3 Nc5 19. Qd2 Kh7 20. Nh2 {[%emt 0:11:49] C95: Closed Ruy Lopez: Breyer Variation with 10 d4.} Nfd7 21. Rf1 Qh4 {[%emt 0:08:03] Against f4} 22. Ng4 Bg7 23. Kh2 Rf8 {[%emt 0:15:30] [#]} 24. axb5 $146 ({Predecessor:} 24. f4 h5 25. Nf2 exf4 26. Bxf4 Be5 27. Nfh1 Qe7 28. axb5 axb5 29. Ne2 Bxf4+ 30. Qxf4 Bxd5 {0-1 (48) Bittencourt,J (2471)-Mecking,H (2556) Rio de Janeiro 2009}) 24... axb5 25. Rxa8 Bxa8 26. Ra1 Bb7 27. Ra5 Ba6 28. Kg1 (28. Ra3 $14 {is more appropriate.}) 28... Rb8 (28... Qd8 $5 29. Ra1 h5 $11) 29. Ra3 Bc8 {[%emt 0:01:57] Weighted Error Value: White=0.08 (flawless) /Black=0.11 (very precise)} 1/2-1/2

[Event "German Bundesliga 2022-23"]
[Site "Germany"]
[Date "2022.11.26"]
[Round "3.4"]
[White "Kollars, Dmitrij"]
[Black "Korobov, Anton"]
[Result "1/2-1/2"]
[ECO "B90"]
[WhiteElo "2611"]
[BlackElo "2659"]
[Annotator "TA"]
[PlyCount "73"]
[EventDate "2022.10.21"]
[EventType "team-tourn"]
[EventCountry "GER"]
[SourceTitle "playchess.com"]
[Source "ChessBase"]
[SourceQuality "1"]
[TimeControl "40/6000+30:3000+30"]

1. e4 c5 2. Nf3 d6 3. d4 cxd4 4. Nxd4 Nf6 5. Nc3 a6 6. Be3 e5 7. Nb3 Be6 8. f3 h5 9. Nd5 {[%emt 0:00:30] B90: Sicilian Najdorf: Unusual White 6th moves, 6 Be3 Ng4 and 6 Be3 e5.} Bxd5 10. exd5 g6 11. Qd2 {[%emt 0:00:30] White has an edge.} Bg7 12. O-O-O O-O 13. Kb1 e4 14. h3 exf3 15. gxf3 Nbd7 {[%emt 0:00:30] [#]} 16. Bd4 $146 {[%emt 0:00:30] White is more active.} (16. Rg1 $16) ({Predecessor:} 16. Rg1 Rc8 17. f4 Ne4 18. Qc1 Qh4 19. f5 Kh7 20. Nd4 Ndc5 21. Be2 Rce8 22. Bf3 {½-½ (35) Grobler,D (2279)-Torgersen,T (2263) ICCF email 2019}) 16... Re8 17. Bd3 {[%emt 0:00:30] This pair of bishops is nice.} Ne5 18. f4 Nf3 19. Qg2 Nxd4 (19... Nh4 $1 $11 20. Qg1 Nf3) 20. Nxd4 $14 Qa5 {[%emt 0:00:30] [#]} ({Black should play} 20... Nd7 $14 21. c3 Bxd4 22. cxd4 Qf6) 21. c4 $2 (21. Bxg6 $1 $18 Qxd5 22. Nf3) 21... Qb6 $1 $11 {[%emt 0:00:30] [#]} (21... Nxd5 22. cxd5 Bxd4 23. f5 $14 (23. Bxg6 Bxb2 24. Qxb2 fxg6 $11)) 22. Nf5 gxf5 23. Rhg1 $1 {[%emt 0:00:30][%csl Gg1][%cal Rg2g7] Inhibits h4.} ({Reject} 23. Rdg1 {[#]} Ng4 $1 24. Bxf5 Qf2 25. Qxf2 Nxf2 $19) 23... Ng4 $1 {[%emt 0:00:30][%cal Oe8e3] Hoping for ...Re3!} 24. Bxf5 {[%emt 0:00:30][%mdl 64] Pin} Re3 25. hxg4 Rg3 26. Qh2 (26. Qxg3 $2 Qxb2#) 26... Rxg1 27. Rxg1 hxg4 28. Rxg4 {[%emt 0:00:30] Threatening mate with Qh7+.} Qd4 29. Qe2 {[%emt 0:00:30] Prevents Qd1+.} b5 30. Bd7 ({White should try} 30. cxb5 $14 axb5 31. Bd3) 30... bxc4 {[%emt 0:00:30] aiming for ...Rb8. The position is equal.} 31. f5 $1 Qf6 {[%emt 0:00:30] And now ...Rb8 would win.} (31... Qxd5 $2 32. f6 Qd3+ 33. Qxd3 cxd3 34. Bf5 $18) 32. Rxc4 Qd8 33. Ba4 Rb8 34. Re4 {[%emt 0:00:30] Threatens to win with Re8+.} Rxb2+ (34... Bxb2 $2 35. Re8+ $18 (35. Qxa6 $2 {loses.} Bg7+ 36. Bb3 Qf6 $19) (35. Qxa6 $2 {too greedy.} Bg7+ 36. Bb3 Qf6 $19)) 35. Qxb2 Bxb2 36. Re8+ Qxe8 $1 37. Bxe8 {[%emt 0:00:30] Weighted Error Value: White=0.19 (very precise) /Black=0.15 (very precise)} 1/2-1/2

[Event "German Bundesliga 2022-23"]
[Site "Germany"]
[Date "2022.11.26"]
[Round "3.4"]
[White "Hracek, Zbynek"]
[Black "Kasimdzhanov, Rustam"]
[Result "1/2-1/2"]
[ECO "D38"]
[WhiteElo "2548"]
[BlackElo "2676"]
[Annotator "TA"]
[PlyCount "36"]
[EventDate "2022.10.21"]
[EventType "team-tourn"]
[EventCountry "GER"]
[SourceTitle "playchess.com"]
[Source "ChessBase"]
[SourceQuality "1"]
[TimeControl "40/6000+30:3000+30"]

1. d4 Nf6 2. c4 e6 3. Nf3 d5 4. Nc3 Bb4 5. Bg5 h6 6. Bxf6 Qxf6 7. e3 O-O 8. Rc1 dxc4 9. Bxc4 c5 10. O-O cxd4 11. Nxd4 Bd7 {[%emt 0:00:13][%cal Bc8d7,Bd7c6,Bc6d5][%mdl 32] The position is equal. D38: Queen's Gambit Declined: Ragozin Defence (4 Nf3 Bb4).} 12. Qb3 (12. Ne4 {feels hotter.} Qe5 13. Be2 Nc6 14. Nf3) 12... Nc6 13. Nxc6 Bxc3 14. Rxc3 Bxc6 15. Bb5 Bd5 16. Bc4 Bc6 17. Bb5 {[%emt 0:00:06] [#]} Bd5 $146 ({Predecessor:} 17... Be4 18. Bd3 Bxd3 19. Rxd3 b6 20. Rfd1 Rad8 21. Rxd8 Rxd8 22. Rxd8+ Qxd8 23. g3 h5 24. h4 Qd7 25. Qc2 {½-½ (31) Xu,Y (2557)-Xu,Y (2454) Xinghua 2017}) 18. Bc4 Bc6 {An interesting draw.   Weighted Error Value: White=0.08 (flawless) /Black=0.02 (flawless)} 1/2-1/2

[Event "German Bundesliga 2022-23"]
[Site "Germany"]
[Date "2022.11.26"]
[Round "3.5"]
[White "Anton Guijarro, David"]
[Black "Heimann, Andreas"]
[Result "1-0"]
[ECO "E20"]
[WhiteElo "2668"]
[BlackElo "2573"]
[Annotator "TA"]
[PlyCount "65"]
[EventDate "2022.10.21"]
[EventType "team-tourn"]
[EventCountry "GER"]
[SourceTitle "playchess.com"]
[Source "ChessBase"]
[SourceQuality "1"]
[TimeControl "40/6000+30:3000+30"]

1. d4 Nf6 2. c4 e6 3. Nc3 Bb4 4. f3 c5 5. d5 b5 6. e4 {[%emt 0:00:21] E20: Nimzo-Indian: 4 g3 and 4 f3.} d6 {[%emt 0:00:14] seems to push 6...bxc4 aside.} 7. Nge2 bxc4 {[%emt 0:17:56] Black wants to play ...exd5.} 8. Nf4 {[%emt 0:00:28] The position is equal.} e5 9. Nfe2 Ng8 ({Black should play} 9... Nbd7 $11) 10. Ng3 Ne7 11. Bxc4 O-O 12. O-O Nd7 {[%emt 0:11:42] [#]} 13. f4 $146 ({Predecessor:} 13. Be3 f5 14. exf5 Bxc3 15. bxc3 Nb6 16. Bd3 Nxf5 17. Nxf5 Bxf5 18. a4 Bxd3 19. Qxd3 {½-½ (43) Stalmach,R (2302)-Svanda,O (2303) Spindleruv Mlyn 2022}) 13... exf4 14. Bxf4 Nb6 15. Be2 Ng6 16. Qc1 Nxf4 17. Qxf4 Qe7 18. Nb5 {[%emt 0:15:36] aiming for a3.} c4 19. Kh1 Bd7 20. a4 g6 21. Rfc1 Bxb5 22. axb5 Rac8 23. Bg4 {[%emt 0:03:35] [#]} Rc5 (23... c3 $1 $17 24. bxc3 (24. Bxc8 cxb2 25. Bg4 Qh4 $17) (24. b3 Rce8) 24... Bxc3 25. Bxc8 Bxa1 26. Rxa1 Rxc8) 24. Ne2 $11 f5 ({Much less strong is} 24... Rxb5 25. Nd4 Rc5 26. Nc6 Rxc6 27. dxc6 $16) 25. exf5 Rxd5 (25... Nxd5 $11 26. Qd4 gxf5) 26. Rxc4 $1 $14 Bd2 (26... Nxc4 $2 27. Qxc4 Qf7 28. Qxb4 $18) 27. Re4 Bxf4 (27... Qf6 $14 28. Qg3 Qxb2) 28. Rxe7 $16 Bg5 29. Rexa7 {[%emt 0:04:04] Hoping for fxg6.} gxf5 30. Bf3 $36 {[%emt 0:00:47][%mdl 2048] White has strong initiative.} Rxb5 31. Nd4 Re5 32. Rb7 {[%emt 0:00:59] White is much more active.} Nc4 {[%emt 0:01:30] [#]} (32... Nc8 $16 {might work better.} 33. b4 Kh8) 33. Nc6 $1 {[%emt 0:02:34] Weighted Error Value: White=0.09 (flawless) /Black=0.17 (very precise)} 1-0

[Event "German Bundesliga 2022-23"]
[Site "Germany"]
[Date "2022.11.26"]
[Round "3.5"]
[White "Naiditsch, Arkadij"]
[Black "Babula, Vlastimil"]
[Result "1-0"]
[ECO "B66"]
[WhiteElo "2667"]
[BlackElo "2551"]
[Annotator "TA"]
[PlyCount "55"]
[EventDate "2022.10.21"]
[EventType "team-tourn"]
[EventCountry "GER"]
[SourceTitle "playchess.com"]
[Source "ChessBase"]
[SourceQuality "1"]
[TimeControl "40/6000+30:3000+30"]

1. e4 c5 2. Nf3 d6 3. d4 cxd4 4. Nxd4 Nf6 5. Nc3 Nc6 6. Bg5 e6 7. Qd2 a6 8. O-O-O Be7 9. f3 Nxd4 10. Qxd4 b5 11. h4 Bb7 12. Kb1 O-O 13. Bd3 {[%emt 0:01:14] B63: Sicilian: Richter-Rauzer: 7...Be7 and unusual Black 7th moves.} Qc7 14. Ne2 Rac8 15. Qf2 {[%emt 0:03:07] The position is equal.} d5 16. e5 Ne4 17. Qe1 {[%emt 0:03:40] [#]} (17. fxe4 dxe4 18. Bxe7 exd3 19. cxd3 (19. Bxf8 $2 dxc2+ 20. Ka1 cxd1=N $19) 19... Qxe7 $15) 17... Bc5 $1 {[%emt 0:03:25] Against Nd4} 18. Rf1 $1 {[%emt 0:09:48] [#] Inhibits Nf2.} (18. fxe4 dxe4 19. Qg3 exd3 20. cxd3 (20. Bf6 $2 dxc2+ 21. Ka1 cxd1=Q+ $19) 20... Kh8 $17) 18... Qb6 $146 ({Predecessor:} 18... Bb6 19. Rc1 Ba5 20. c3 Nc5 21. Bc2 Na4 22. Qg3 f5 23. Nf4 Qf7 24. h5 Bc7 25. Bxa4 bxa4 {1-0 (31) Salgado Lopez,I (2602)-Edouard,R (2636) Barcelona 2010}) 19. Nf4 $16 ({Of course not} 19. fxe4 $6 dxe4 20. b4 Be3 $11) (19. fxe4 {simplifies} dxe4 20. Qg3 exd3 21. Rxd3 f5 22. exf6 Rf7 23. Qg4) 19... Nf2 {[%emt 0:06:35] [#]} 20. Nh5 $1 {[%emt 0:01:22][%cal Oh5g7] aiming for Nxg7!} Nxd1 (20... f6 $16 {might work better.} 21. exf6 g6) 21. Qxd1 $18 {[%emt 0:00:19][%cal Oh5g7] Nxg7! is the strong threat.} Bd4 {[%emt 0:04:24] [#]} 22. f4 (22. Nf6+ $1 $18 gxf6 23. Bxf6) 22... f5 $1 $14 {[%emt 0:02:58] Hoping for ...Rc7.} 23. exf6 Bxf6 {[%emt 0:00:56] Black cannot hold the game after this.} ({Black should try} 23... g6 $1 $14) 24. Bxf6 $18 {[%emt 0:01:52] Really sharp!} Rxf6 25. Nxf6+ gxf6 26. Qh5 Rc7 (26... Qc7 27. Qg4+ Kf8 28. Qxe6 Qf7) 27. Qe8+ Kg7 28. h5 {[%emt 0:00:29] Weighted Error Value: White=0.13 (very precise) /Black=0.44} 1-0